 Dungeon Crawl Stone Soup version 0.20-a0-1039-gf554463 (webtiles) character file.

5 Gorglomux the Grasshopper (level 1, 0/16 HPs)
             Began as a Formicid Warper on Apr 22, 2017.
             Slain by a kobold
             ... wielding a +0 short sword
              (5 damage)
             ... on level 1 of the Dungeon.
             The game lasted 00:00:34 (91 turns).

Gorglomux the Grasshopper (Formicid Warper)           Turns: 91, Time: 00:00:34

Health: 0/16       AC:  3    Str: 15    XL:     1   Next: 88%
Magic:  3/3        EV: 11    Int: 12    God:
Gold:   15         SH:  0    Dex: 10    Spells: 4/4 levels left

rFire    . . .     SeeInvis +   a - +0 mace
rCold    . . .     Gourm    .   (no shield)
rNeg     . . .     Faith    .   b - +0 leather armour
rPois    .         Spirit   .   (helmet unavailable)
rElec    .         Reflect  .   (no cloak)
rCorr    .         Harm     .   (no gloves)
MR       .....                  (no boots)
Stlth    +.........             (no amulet)
Regen    0.1/turn               (no ring)
MPRegen  0.1/turn               (no ring)

@: no status effects
A: permanent stasis, dig shafts and tunnels, four strong arms, antennae 3
a: Dig, Shaft Self


You were on level 1 of the Dungeon.
You were not hungry.

You visited 1 branch of the dungeon, and saw 1 of its levels.

You collected 15 gold pieces.

Inventory:

Hand Weapons
 a - a +0 mace (weapon)
Missiles
 e - 5 tomahawks of dispersal {=f}
Armour
 b - a +0 leather armour (worn)
Scrolls
 d - a scroll of blinking {!r}
 g - a scroll of identify {unknown}
Potions
 j - a potion of curing {unknown}
Books
 c - a book of Spatial Translocations
Comestibles
 f - a bread ration {@e1@e1}
 h - 4 chunks of flesh {@w0@w0}
 i - a royal jelly


   Skills:
 - Level 2.1 Fighting
 + Level 2.5 Maces & Flails
 - Level 1.0 Throwing
 - Level 1.1 Armour
 - Level 1.7 Dodging
 - Level 2.1 Spellcasting
   Level 2.6 Translocations


You had 4 spell levels left.
You didn't know any spells.

Dungeon Overview and Level Annotations

Branches:
Dungeon (1/15)

Altars:


Innate Abilities, Weirdness & Mutations

You cannot be hasted, slowed, berserked, paralysed or teleported.
You can dig through walls and to a lower floor.
Your four strong arms can wield two-handed weapons with a shield.
You have a pair of large antennae on your head. (SInv)


Message History

Welcome, Gorglomux the Formicid Warper.
Will you be the one to retrieve the fabulous Orb of Zot from the depths?
Found a scroll labeled HIF FIFIGEMPY.
Found a staircase leading out of the dungeon.
g - a scroll labeled HIF FIFIGEMPY You open the door.
A goblin comes into view.
The goblin shouts!
A goblin is nearby!
There is an open door here.
A goblin comes into view.
The goblin shouts!
The goblin hits you but does no damage.
You closely miss the goblin. The goblin misses you. The goblin hits you.
A hobgoblin comes into view. It is wielding a club.
You take 2 damage, and have 14/16 hp.
The hobgoblin shouts!
You sock the goblin!
You kill the goblin!
The goblin closely misses you.
You see here a goblin corpse.
You hit the goblin.
You kill the goblin!
The hobgoblin hits you with a club.
You take 1 damage, and have 13/16 hp.
You hit the hobgoblin. The hobgoblin closely misses you.
You closely miss the hobgoblin. The hobgoblin barely misses you.
You barely miss the hobgoblin. The hobgoblin hits you with a club.
The hobgoblin hits you but does no damage.
You take 3 damage, and have 10/16 hp.
You hit the hobgoblin.
You kill the hobgoblin!
No target in view!
You see here a goblin corpse.
You butcher the goblin corpse.
h - a chunk of flesh {@w0@w0} You see here a goblin skeleton.
Things that are here:
a club; a hobgoblin corpse You butcher the hobgoblin corpse.
h - 4 chunks of flesh {@w0@w0} (gained 3)
You see here a club.
You now have 15 gold pieces.
i - a royal jelly A bat comes into view.
You see here a dark potion.
A bat is nearby!
A bat is nearby!
A bat is nearby!
A bat is nearby!
A bat is nearby!
A bat is nearby!
The bat hits you but does no damage.
You hit the bat.
You kill the bat!
No target in view!
No target in view!
No target in view!
No target in view!
j - a dark potion A goblin comes into view.
It is wielding a club.
The goblin shouts!
A goblin is nearby!
A goblin is nearby!
A goblin is nearby!
The goblin barely misses you.
You hit the goblin. The goblin hits you with a club.
You take 2 damage, and have 11/16 hp.
You hit the goblin.
You kill the goblin!
Things that are here:
a club; a goblin corpse No target in view!
As you open the door, it creaks loudly!
There is an open door here.
A kobold comes into view. It is wielding a short sword.
The kobold shouts!
The kobold throws a stone.
The stone hits you but does no damage.
Found a stone staircase leading down.
You see here a stone.
A kobold is nearby!
A kobold is nearby!
A kobold is nearby!
The kobold throws a stone.
The stone hits you.
You see here a stone.
You take 2 damage, and have 10/16 hp.
The kobold throws a stone.
The stone barely misses you.
The kobold throws a stone.
The stone barely misses you. The kobold closely misses you.
You completely miss the kobold.
The kobold hits you with a short sword. x2
You take 5 damage, and have 5/16 hp.
MASSIVE DAMAGE!!
You are too injured to fight recklessly!
You barely miss the kobold. The kobold hits you with a short sword.
You die...

########
###......
#......K#
#@# #
#.#>#
#.###.#.#
.
#!......#
..
#####(###
#.#+##
#.(.#
#....##
#.(.#
#.....##
###...#
.......##
##.##.##


You could see a kobold.

Vanquished Creatures
  3 goblins (D:1)
  A hobgoblin (D:1)
  A bat (D:1)
5 creatures vanquished.

Notes
Turn   | Place    | Note
-------+----------+-------------------------------------------
     0 | D:1      | Gorglomux the Formicid Warper began the quest for the Orb.
     0 | D:1      | Reached XP level 1. HP: 16/16 MP: 3/3
    91 | D:1      | Slain by a kobold

Vault maps used:
D:1:      minmay_arrival_solitary_statue

Action                   || total
-------------------------++-------
Melee: Mace              ||    12
Armor: Leather armour    ||     2
Dodge: Dodged            ||     8

Vault maps used:
D:1:      minmay_arrival_solitary_statue

Table legend:
 A = Turns spent in this place as a percentage of turns spent in the entire game.
 B = Non-inter-level travel turns spent in this place as a percentage of non-inter-level travel turns spent in the entire game.
 C = Inter-level travel turns spent in this place as a percentage of turns spent in this place.
 D = Turns resting spent in this place as a percentage of non-inter-level travel turns spent in this place.
 E = Turns spent auto-exploring this place as a percentage of non-inter-level travel turns spent in this place.
 F = Non-inter-level travel turns spent in this place divided by the number of levels of this place that you've seen.
                   A       B       C       D       E      F
               +-------+-------+-------+-------+-------+----------------------
         Total | 100.0 | 100.0 |   0.0 |   0.0 |  12.1 |  58.0
       Dungeon | 100.0 | 100.0 |   0.0 |   0.0 |  12.1 |  58.0
               +-------+-------+-------+-------+-------+----------------------

Table legend:
 A = Kills in this place as a percentage of kills in entire the game.
 B = Kills by you in this place as a percentage of kills by you in the entire game.
 C = Kills by friends in this place as a percentage of kills by friends in the entire game.
 D = Other kills in this place as a percentage of other kills in the entire game.
 E = Experience gained in this place as a percentage of experience gained in the entire game.
 F = Experience gained in this place divided by the number of levels of this place that you have seen.
                   A       B       C       D       E      F
               +-------+-------+-------+-------+-------+----------------------
         Total | 100.0 | 100.0 |  -nan |  -nan | 100.0 |   8.0
       Dungeon | 100.0 | 100.0 |  -nan |  -nan | 100.0 |   8.0
               +-------+-------+-------+-------+-------+----------------------
